 Dungeon Crawl Stone Soup version 0.22.1-6-g1668fe2c40 (webtiles) character file.

252 LabCoat the Chopper (level 6, -10/53 HPs)
             Began as a Hill Orc Fighter on Jan 29, 2019.
             Was an Initiate of Trog.
             Mangled by a small abomination (14 damage)
             ... on level 1 of the Abyss.
             The game lasted 00:10:06 (2382 turns).

LabCoat the Chopper (Hill Orc Fighter)              Turns: 2382, Time: 00:10:07

Health: -10/53     AC:  8    Str: 20    XL:     6   Next: 13%
Magic:  6/6        EV:  7    Int: 12    God:    Trog [......]
Gold:   124        SH:  9    Dex: 11    Spells: 5/5 levels left

rFire    . . .     SeeInvis .   a - +1 war axe
rCold    . . .     Gourm    .   c - +0 shield
rNeg     . . .     Faith    .   b - +0 scale mail
rPois    .         Spirit   .   e - +0 helmet
rElec    .         Reflect  .   (no cloak)
rCorr    .         Harm     .   (no gloves)
MR       .....                  (no boots)
Stlth    ..........             (no amulet)
HPRegen  0.17/turn              l - +4 ring of intelligence
MPRegen  0.10/turn              (no ring)

@: no status effects
A: no striking features
a: Renounce Religion


You were on level 1 of the Abyss.
You worshipped Trog.
Trog was noncommittal.
You were not hungry.

You visited 1 branch of the dungeon, and saw 3 of its levels.
You visited the Abyss 1 time.

You collected 124 gold pieces.

Inventory:

Hand Weapons
 a - a +1 war axe (weapon)
 r - a cursed -3 flail
Armour
 b - a +0 scale mail (worn)
 c - a +0 shield (worn)
 e - a +0 helmet (worn)
Jewellery
 l - a +4 ring of intelligence (left hand)
Scrolls
 h - a scroll of amnesia
 m - a scroll of fear
 n - a scroll of teleportation
 o - 2 scrolls of identify
 p - a scroll of magic mapping
Potions
 d - a potion of might
 g - 3 potions of curing
 i - 2 potions of flight {unknown}
 j - a potion of heal wounds {unknown}
 q - a potion of degeneration {unknown}
Comestibles
 f - 6 rations
 k - a chunk of flesh


   Skills:
 + Level 4.5 Fighting
 * Level 5.9 Axes
 + Level 4.1 Armour
 - Level 0.6 Dodging
 + Level 4.3 Shields


You had 5 spell levels left.
You didn't know any spells.
Your spell library was empty.

Dungeon Overview and Level Annotations

Branches:
Dungeon (3/15)

Altars:
Ru
Trog
Vehumet

Annotations:
D:3 Crazy Yiuf


Message History

The small abomination hits you.
You slash the small abomination!
The small abomination is moderately damaged.
You block the small abomination's attack.
The small abomination hits you but does no damage.
You barely miss the small abomination.
The small abomination is moderately damaged.
The small abomination hits you but does no damage.
You block the small abomination's attack.
You hit the small abomination.
The small abomination is severely damaged.
The small abomination hits you!
* * * LOW HITPOINT WARNING * * *
The small abomination hits you.
* * * LOW HITPOINT WARNING * * *
You hit the small abomination.
The small abomination is severely damaged.
You block the small abomination's attack.
The small abomination hits you!
You die...

#.#. .#. ..#
#..#### .....
.## ... ..#
####.####..##
#...@..#..#.#
#...x.......#
#.#.........#.
#..........##
#.........#.#
...#........♣♣♣♣
...##.....#.♣..♣
# # # ..
###..##..♣.♣ ♣
.... .
........♣♣
♣.....#


You could see a small abomination.

Vanquished Creatures
  A sky beast (D:3)
  Jessica (D:2)
  Natasha (D:3)
  4 adders
  3 worms (D:2)
  2 dart slugs
  4 leopard geckos
  6 giant cockroaches
  8 goblins
  6 hobgoblins
  3 jackals (D:1)
  A kobold (D:1)
  2 quokkas (D:3)
  2 ball pythons
  6 bats
  6 frilled lizards
  9 rats
65 creatures vanquished.

Notes
Turn   | Place    | Note
-------+----------+-------------------------------------------
     0 | D:1      | LabCoat the Hill Orc Fighter began the quest for the Orb.
     0 | D:1      | Reached XP level 1. HP: 19/19 MP: 1/1
    66 | D:1      | Reached XP level 2. HP: 21/27 MP: 2/2
   367 | D:1      | Reached skill level 3 in Axes
   484 | D:1      | Reached XP level 3. HP: 33/33 MP: 3/3
   854 | D:2      | Noticed Jessica
   888 | D:2      | Killed Jessica
   888 | D:2      | Reached XP level 4. HP: 38/40 MP: 4/4
  1270 | D:2      | Found a faded altar of an unknown god.
  1520 | D:2      | Reached skill level 4 in Axes
  1652 | D:2      | Found a radiant altar of Vehumet.
  1866 | D:3      | Reached XP level 5. HP: 47/47 MP: 5/5
  1910 | D:3      | Found a bloodstained altar of Trog.
  1918 | D:3      | Became a worshipper of Trog the Wrathful
  2037 | D:3      | Found a sacrificial altar of Ru.
  2037 | D:3      | Noticed a sky beast
  2048 | D:3      | Killed a sky beast
  2048 | D:3      | Reached skill level 5 in Axes
  2200 | D:3      | Reached XP level 6. HP: 52/53 MP: 6/6
  2230 | D:3      | Noticed Natasha
  2234 | D:3      | Killed Natasha
  2350 | D:3      | Found a runed door.
  2354 | D:3      | Noticed Crazy Yiuf
  2357 | D:3      | Cast into level 1 of the Abyss (Crazy Yiuf)
  2367 | Abyss:1  | Noticed a small abomination
  2382 | Abyss:1  | Mangled by a small abomination

Skill      XL: |  1  2  3  4  5 |
---------------+----------------+-----
Fighting       | 4 |  4.5
Axes           | 3 4 5 |  5.9
Shields        | 4 |  4.3
Armour         | 4 |  4.1
Dodging        | |  0.6

Action                   |  1- 3 |  4- 6 || total
-------------------------+-------+-------++-------
Melee: War axe           |    72 |   116 ||   188
  Use: Scroll            |     5 |     3 ||     8
  Eat: Chunk             |       |     5 ||     5
Armor: Scale mail        |    29 |    54 ||    83
Dodge: Dodged            |    30 |    32 ||    62
Block: Shield            |    45 |    43 ||    88
